 Dungeon Crawl Stone Soup version 0.19.5 (webtiles) character file.

20 Reinor the Digger (level 2, 0/19 HPs)
             Began as a Vampire Earth Elementalist on Mar 25, 2017.
             Slain by an adder (1 damage)
             ... on level 2 of the Dungeon.
             The game lasted 00:04:34 (826 turns).

Reinor the Digger (Vampire Earth Elementalist)       Turns: 826, Time: 00:04:35

Health: 0/19       AC:  2    Str:  7    XL:     2   Next: 58%
Magic:  5/5        EV: 12    Int: 17    God:
Gold:   15         SH:  0    Dex: 14    Spells: 2 memorised, 2 levels left

rFire  . . .     SeeInvis +     h - +2 short sword (speed)
rCold  . . .     Gourm    .     c - +0 robe
rNeg   + . .     Faith    .     (no shield)
rPois  .         Spirit   .     (no helmet)
rElec  .         Reflect  .     (no cloak)
rCorr  .         Harm     .     (no gloves)
MR     .....                    (no boots)
Stlth  ++........               (no amulet)
                                (no ring)
                                (no ring)

@: lethally poisoned (0 -> -2)
A: fangs 3, see invisible, unbreathing
a: no special abilities


You were on level 2 of the Dungeon.
You were not thirsty.

You visited 1 branch of the dungeon, and saw 2 of its levels.

You collected 15 gold pieces.

Inventory:

Hand Weapons
 h - a +2 short sword of speed (weapon)
Missiles
 f - 25 stones (quivered)
Armour
 c - a +0 robe (worn)
Scrolls
 a - 3 scrolls of identify {unknown}
 b - 2 scrolls of teleportation {unknown}
 g - a scroll of magic mapping {unknown}
 i - a scroll of noise {unknown}
Potions
 d - 9 potions of blood
Books
 e - a book of Geomancy

   Spells                             Type                      Level
   a - Sandblast                      Earth                        1
   b - Passwall                       Transmutation/Earth          2
   c - Stone Arrow                    Conjuration/Earth            3
   d - Petrify                        Transmutation/Earth          4
   e - Lee's Rapid Deconstruction     Earth                        5


   Skills:
 - Level 2.1 Dodging
 - Level 3.0 Stealth
 - Level 2.0 Spellcasting
 - Level 1.1 Transmutations
 + Level 4.0 Earth Magic


You had 2 spell levels left.
You knew the following spells:

 Your Spells              Type           Power        Failure   Level  Hunger
a - Sandblast             Erth           ###...       3%          1    #......
b - Passwall              Tmut/Erth      ##........   12%         2    ###....


Dungeon Overview and Level Annotations

Branches:
Dungeon (2/15)

Altars:


Innate Abilities, Weirdness & Mutations

You have razor-sharp teeth.
You have supernaturally acute eyesight. (SInv)
You can survive without breathing.


Message History

The leopard gecko hisses menacingly.
The leopard gecko barely misses you.
An adder comes into view.
Found a stone staircase leading down.
The adder hisses angrily.
The leopard gecko closely misses you. The adder bites you. The adder bites you.
The adder barely misses you. The leopard gecko barely misses you.
The adder bites you but does no damage. The leopard gecko misses you.
The adder bites you but does no damage. The leopard gecko barely misses you.
The adder bites you. The leopard gecko barely misses you. The adder bites you.
* * * LOW HITPOINT WARNING * * *
You are lethally poisoned!
The adder poisons you!
* * * LOW HITPOINT WARNING * * *
You feel sick. The leopard gecko bites you.
* * * LOW HITPOINT WARNING * * *
The adder bites you.
You die...

# # # ..# # #.#
###>####### ####.#
##.....#.... #(?..#####
##........... .........#
#............ .........#
#............
.........###...S........
...............l@.......
.>........##............
.........####...........
.........# ##.....#....
.........# ####### ###
.........# .........#
##########


You could see an adder and a leopard gecko.

Vanquished Creatures
  A leopard gecko (D:1)
  A goblin (D:1)
  3 hobgoblins (D:1)
  A ball python (D:1)
  4 bats
  A frilled lizard (D:1)
  5 kobolds (D:1)
  3 rats (D:1)
19 creatures vanquished.

Notes
Turn   | Place    | Note
-------+----------+-------------------------------------------
     0 | D:1      | Reinor the Vampire Earth Elementalist began the quest for the Orb.
     0 | D:1      | Reached XP level 1. HP: 13/13 MP: 3/3
   122 | D:1      | Reached XP level 2. HP: 12/19 MP: 3/5
   365 | D:1      | Learned a level 2 spell: Passwall
   741 | D:2      | Reached skill level 4 in Earth Magic
   783 | D:2      | Found a faded altar of an unknown god.
   826 | D:2      | Slain by an adder

Skill      XL: |  1  2 |
---------------+-------+-----
Earth Magic    | 4 |  4.0
Dodging        | |  2.1
Stealth        | |  3.0
Spellcasting   | |  2.0
Transmutations | |  1.1

Action                   || total
-------------------------++-------
Melee: Unarmed           ||    12
       Bite              ||     3
       Short sword       ||    15
 Cast: Sandblast         ||    14
 Stab: Sleeping          ||     4
Armor: Robe              ||     7
Dodge: Dodged            ||    32
